AoeStats
← sky2551230

Arena

510311093Analyzed
4v4 RM · 19h ago on Sep 30, 2026· 44m 21s· 8 players
Game mode
Random Map
Map size
Large (8 player)
Population
200
Speed
Normal
Resources
Standard
Victory
Conquest
Starting age
Dark Age
Ending age
Imperial Age
RankedLock teamsTeams togetherTeam positionsShared explorationLock speedFull tech treeHidden civsTurbo modeCheats
Victory
Defeat
🇹🇼 Poles · Taiwan
1073
+11
🇹🇼 Saxons · Taiwan
1072
+12
🇹🇼 Teutons · Taiwan
1039
+13
🇹🇼 Persians · Taiwan
975
+15
🇨🇳 Teutons · China
1027
-15
🇹🇼 Teutons · Taiwan
982
-13
🇨🇳 Malay · China
942
-12
🇨🇳 Wu · China
927
-11
szsigy
2:08 Loom
11:28 Feudal Age
15:28 Castle Age
16:33 Husbandry
23:02 Forging
30:21 Double-Bit Axe
30:21 Horse Collar
31:48 Murder Holes
32:19 Squires
32:57 Man-at-Arms
33:25 Arson
33:48 Pikeman
37:11 Iron Casting
37:11 Gold Mining
38:40 Heavy Plow
38:12 Long Swordsman
39:57 Ballistics
40:10 Bow Saw
39:52 Stone Mining
41:11 Gold Shaft Mining
44:33 Imperial Age
42:42 Wheelbarrow
44:25 Conscription
就墨子
7:59 Loom
10:09 Feudal Age
14:03 Castle Age
27:54 Scale Barding Armor
28:38 Gambesons
28:54 Squires
28:41 Arson
28:18 Pikeman
29:13 Horse Collar
31:05 Wheelbarrow
35:02 Imperial Age
33:15 Hand Cart
33:15 Heavy Plow
33:40 Gold Mining
33:43 Stone Mining
34:29 Coinage
33:53 Double-Bit Axe
35:05 Stone Shaft Mining
36:00 Ballistics
35:51 Fortified Wall
35:28 Halberdier
38:09 Chemistry
37:32 Scale Mail Armor
37:43 Forging
38:24 Conscription
43:33 Banking
kongjuck
11:44 Feudal Age
13:56 Double-Bit Axe
13:53 Horse Collar
14:15 Gold Mining
15:56 Stone Mining
18:47 Wheelbarrow
21:54 Castle Age
20:08 Padded Archer Armor
20:01 Fletching
23:25 Stone Shaft Mining
23:29 Gold Shaft Mining
23:09 Bow Saw
23:02 Heavy Plow
24:39 Red Cliffs Tactics
26:41 Hand Cart
32:19 Imperial Age
32:23 Elite Fire Archer
33:24 Conscription
35:20 Leather Archer Armor
35:01 Bodkin Arrow
36:51 Town Watch
37:14 Bracer
Isaac_void
7:05 Loom
11:15 Feudal Age
14:55 Castle Age
12:51 Double-Bit Axe
13:10 Horse Collar
16:17 Bow Saw
16:29 Town Watch
24:56 Redemption
26:49 Fletching
36:48 Imperial Age
窒息式毒奶大王
10:04 Feudal Age
8:24 Loom
10:10 Feudal Age
14:54 Fletching
29:50 Castle Age
29:33 Double-Bit Axe
31:43 Pikeman
32:29 Horse Collar
33:01 Bow Saw
37:12 Wheelbarrow
37:20 Bodkin Arrow
37:40 Forging
37:31 Scale Mail Armor
37:47 Heavy Plow
38:48 Arson
40:45 Gold Mining
42:52 Hand Cart
45:37 Imperial Age
敦義兄
10:48 Feudal Age
9:51 Loom
11:38 Feudal Age
12:36 Double-Bit Axe
13:28 Stone Mining
16:02 Castle Age
14:58 Horse Collar
15:44 Gold Mining
17:23 Fletching
17:58 Heavy Plow
23:08 Bodkin Arrow
27:24 Bow Saw
27:56 Wheelbarrow
27:36 Padded Archer Armor
27:47 Forging
30:33 Gold Shaft Mining
34:51 Imperial Age
35:01 Capped Ram
36:06 Conscription
37:06 Two-Man Saw
36:39 Crop Rotation
38:02 Siege Ram
40:20 Hand Cart
41:04 Onager
冰水一壺
9:41 Loom
11:27 Feudal Age
16:30 Castle Age
20:08 Husbandry
21:38 Bloodlines
21:58 Horse Collar
23:10 Scale Barding Armor
25:05 Devotion
29:42 Wheelbarrow
29:39 Heavy Plow
32:24 Imperial Age
31:25 Chain Barding Armor
31:16 Forging
31:09 Double-Bit Axe
33:55 Iron Casting
33:37 Bow Saw
33:09 Cavalier
37:05 Blast Furnace
37:47 Crop Rotation
38:12 Hand Cart
38:00 Town Watch
39:01 Szlachta Privileges
39:16 Conscription
39:24 Lechitic Legacy
42:15 Town Patrol
sky2551230
8:13 Loom
9:58 Feudal Age
14:01 Castle Age
12:12 Double-Bit Axe
12:58 Horse Collar
23:13 Wheelbarrow
24:22 Hand Cart
24:00 Gold Mining
24:23 Bow Saw
24:24 Heavy Plow
27:28 Scale Barding Armor
27:33 Forging
28:09 Gold Shaft Mining
32:41 Imperial Age
30:45 Chain Barding Armor
31:01 Iron Casting
30:28 Husbandry
30:38 Bloodlines
30:47 Town Watch
31:57 Town Patrol
32:21 Cavalier
33:41 Plate Barding Armor
34:07 Blast Furnace
33:31 Conscription
34:07 Crop Rotation
34:39 Two-Man Saw
33:40 Savar
38:36 Caravan
Connection lost

Rejoining the realm…

Still unreachable

The connection could not be restored.

Session expired

The server has moved on; the page needs a fresh start.